 Dungeon Crawl Stone Soup version 0.31-a0-151-ge443d1f16c (webtiles) character file.

Game seed: 12833033767244921935

44 qw the Shooter (level 3, -6/31 HPs)
             Began as a Minotaur Hunter on June 8, 2023.
             Mangled by an orc
             ... wielding a +0 falchion
              (7 damage)
             ... on level 3 of the Dungeon.
             The game lasted 00:00:31 (1733 turns).

qw the Shooter (Minotaur Hunter)                    Turns: 1733, Time: 00:00:32

Health: -6/31      AC:  3    Str: 15    XL:     3   Next: 39%
Magic:  2/2        EV: 12    Int:  6    God:
Gold:   64         SH:  0    Dex: 15    Spells: 2/2 levels left

rFire   . . .        Y - +1 shortbow
rCold   . . .        (shield currently unavailable)
rNeg    . . .        c - +0 leather armour
rPois   .            (helmet restricted)
rElec   .            (no cloak)
rCorr   .            (no gloves)
SInv    .            (no boots)
Will    .....        i - amulet of regeneration
Stlth   +            (no ring)
HPRegen 1.05/turn    (no ring)
MPRegen 0.08/turn

%: no passive effects
@: no status effects
A: horns 2, retaliatory headbutt
a: no special abilities


You were on level 3 of the Dungeon.
You visited 1 branch of the dungeon, and saw 3 of its levels.

You collected 64 gold pieces.


Innate Abilities, Weirdness & Mutations

You have a pair of horns on your head.
You reflexively headbutt those who attack you in melee.


   Skills:
 - Level 3.0 Fighting
 + Level 5.5 Ranged Weapons
 - Level 2.1 Dodging
 - Level 0.7 Stealth


You had 2 spell levels left.
You didn't know any spells.
Your spell library was empty.

Inventory:

Hand Weapons
 Y - a +1 shortbow (weapon)
Armour
 c - a +0 leather armour (worn)
Jewellery
 i - an amulet of regeneration (around neck)
Scrolls
 a - 2 scrolls of enchant armour
Potions
 e - a potion of curing {unknown}
 j - a potion of heal wounds {unknown}

Dungeon Overview and Level Annotations

Branches:
Dungeon (3/15)

Altars:


Message History

An orc comes into view. It is wielding a +0 falchion.
You shoot an arrow. The arrow hits the orc.
The orc is heavily wounded.
You hear a shout!
An orc comes into view. It is wielding a +0 hand axe.
You shoot an arrow. The arrow hits the orc.
The orc is lightly wounded.
You shoot an arrow. The arrow hits the orc!
You kill the orc!
You shoot an arrow.
The arrow hits the orc but does no damage.
The orc is heavily wounded.
You shoot an arrow. The arrow barely misses the orc.
The orc hits you with a +2 hand axe of freezing.
The orc freezes you. The orc misses you.
You shoot an arrow. The arrow barely misses the orc.
You shoot an arrow.
The arrow hits the orc but does no damage.
The orc is heavily wounded.
The orc hits you with a +0 falchion. The orc misses you.
You shoot an arrow. The arrow hits the orc.
The orc is heavily wounded.
The orc closely misses you. The orc hits you but does no damage.
You shoot an arrow.
The arrow hits the orc but does no damage.
The orc is heavily wounded.
The orc hits you with a +0 falchion!
The orc hits you with a +2 hand axe of freezing.
The orc freezes you.
You shoot an arrow.
The arrow hits the orc but does no damage.
The orc is heavily wounded.
The orc hits you with a +0 falchion. The orc completely misses you.
You shoot an arrow. The arrow closely misses the orc.
The orc barely misses you.
The orc hits you with a +2 hand axe of freezing.
The orc freezes you.
The orc hits you with a +2 hand axe of freezing.
The orc freezes you. The orc hits you with a +0 falchion!
You die...

..# ..
... ..
#.# #.
#># ..
#.# #.
#<# #)
#.#
#o#####.#
#o@.....#
#########


You could see 2 orcs.

Vanquished Creatures
  3 worms (D:2)
  A dart slug (D:2)
  An orc (D:3)
  7 endoplasms
  A hobgoblin (D:1)
  7 kobolds
  3 quokkas
  2 ball pythons (D:2)
  6 rats
31 creatures vanquished.

Notes
Turn   | Place    | Note
-------+----------+-------------------------------------------
     0 | D:1      | qw the Minotaur Hunter began the quest for the Orb.
     0 | D:1      | Reached XP level 1. HP: 18/18 MP: 0/0
     0 | D:1      | 0 ||| qw: Version: 0.2-a-120-gdf1a93b
     0 | D:1      | 0 ||| qw: Game counter: 3097
     0 | D:1      | 0 ||| qw: Always use a shield: true
     0 | D:1      | 0 ||| qw: God list: Okawaru
     0 | D:1      | 0 ||| qw: Allow faded altars: false
     0 | D:1      | 0 ||| qw: Do Orc after D:15 true
     0 | D:1      | 0 ||| qw: Do second Lair branch before Depths: true
     0 | D:1      | 0 ||| qw: Lair rune preference: random
     0 | D:1      | 0 ||| qw: Plans: Normal
     0 | D:1      | 0 ||| PLANNING D:1-11
   506 | D:1      | Reached XP level 2. HP: 25/25 MP: 1/1
   513 | D:1      | Reached skill level 5 in Ranged Weapons
   825 | D:1      | 825 ||| UPGRADING to amulet of regeneration.
   830 | D:1      | 830 ||| READING 3 scrolls labelled NYEDIRCHO LEUS.
   831 | D:1      | 831 ||| READING scroll labelled ODAKIRARUI.
   841 | D:1      | 841 ||| READING scroll labelled PYLOUFYMEU.
   842 | D:1      | 842 ||| READING scroll labelled TOKOL PYONYSM.
   843 | D:1      | 843 ||| DROPPING scroll of butterflies.
   904 | D:2      | 904 ||| READING scroll labelled LASEMI SIATOADAFE.
   921 | D:2      | Reached skill level 3 in Fighting
   923 | D:2      | Found a faded altar of an unknown god.
   978 | D:2      | Reached XP level 3. HP: 22/31 MP: 2/2
  1638 | D:2      | 1638 ||| READING scroll labelled YTAFYL NAGHACO.
  1639 | D:2      | 1639 ||| READING scroll labelled RUDIQO GUWKUXU.
  1643 | D:2      | 1643 ||| DRINKING 2 sedimented puce potions.
  1692 | D:2      | 1692 ||| DROPPING potion of lignification.
  1733 | D:3      | HP: 6/31 [orc/+2 hand axe of freezing (5)]
  1733 | D:3      | HP: 2/31 [orc/+2 hand axe of freezing (3)]
  1733 | D:3      | Mangled by an orc

Levels and vault maps discovered:
D:1:      scummos_arrival_simple_fountains, layout_basic
D:2:      layout_rooms, serial_co_window_serial, co_window_paths_a,
          co_window_corner_a, co_window_corner_a, co_window_of_opportunity_a,
          co_window_paths_a, co_window_unsneaky_path_e, co_window_2corner,
          co_window_corner_b, co_window_of_opportunity_c,
          co_window_unsneaky_path_e, co_window_paths_e, co_window_4corner_a,
          glass_columns_b, glass_columns_b,
          hellmonk_ecumenical_altar_pennies_from_heaven
D:3:      layout_loops_corners, tgw_xom, kennysheep_generic_room_10,
          uniq_jessica

Skill      XL: |  1  2 |
---------------+-------+-----
Ranged Weapons | 5 |  5.5
Fighting       | 3 |  3.0
Dodging        | |  2.1
Stealth        | |  0.7

Action                     || total
---------------------------++-------
   Fire: Shortbow          ||    93
    Use: Scroll            ||     7
         Potion            ||     1
 Armour: Leather armour    ||     3
  Dodge: Dodged            ||    11

Table legend:
 A = Non-vault XP
 B = Vault XP
 C = Vault XP percentage of total XP
 D = Non-vault monster count
 E = Vault monster count
 F = Vault count percentage of total count
                 A         B        C        D         E       F
            +---------+---------+-------+---------+---------+-------
      Total |      63 |       0 |   0.0 |      31 |       0 |   0.0
            +---------+---------+-------+---------+---------+-------
        D:1 |      25 |       0 |   0.0 |      15 |       0 |   0.0
        D:2 |      35 |       0 |   0.0 |      15 |       0 |   0.0
        D:3 |       3 |       0 |   0.0 |       1 |       0 |   0.0
            +---------+---------+-------+---------+---------+-------
